 Dungeon Crawl Stone Soup version 0.19-a0-347-g6bb00b2 (webtiles) character file.

2764 Chemotherapy the Jinx (level 9, -4/42 HPs)
             Began as a Spriggan Enchanter on May 29, 2016.
             Was a Priest of Ru.
             Slain by Joseph
             ... wielding a +5 quarterstaff of protection
              (6 damage)
             ... on level 8 of the Dungeon.
             The game lasted 00:28:13 (7659 turns).

Chemotherapy the Jinx (Spriggan Enchanter)          Turns: 7659, Time: 00:28:13

Health: -4/42      AC:  4    Str:  5    XL:     9   Next: 42%
Magic:  7/18       EV: 21    Int: 19    God:    Ru [***...]
Gold:   154        SH:  0    Dex: 14    Spells: 4 memorised, 8 levels left

rFire  + . .     SeeInvis +     a - +0 short sword of Qiakh {pierce, +Blink MR+}
rCold  . . .     Gourm    .     F - +2 robe
rNeg   . . .     Faith    .     (shield restricted)
rPois  +         Spirit   .     (helmet restricted)
rElec  .         Dismiss  .     (no cloak)
rCorr  .         Reflect  .     (gloves unavailable)
SustAt .         Harm     .     (boots unavailable)
MR     +++..                    (no amulet)
Stlth  ++++......               y - ring of protection from fire {rF+, !d}
                                z - ring of poison resistance {rPois, !d}

@: very quick, extremely resistant to hostile enchantments, stealthy
A: unfitting armour, see invisible, clumsy 1, herbivore 3, speed 3, magic
resistance 1, slow metabolism 2, no device heal 1, inability to drink while
threatened, inability to train armour
a: Draw Out Power, Renounce Religion, Evoke Blink


You were on level 8 of the Dungeon.
You worshipped Ru.
Ru was most pleased with you.
You were not hungry.

You visited 1 branch of the dungeon, and saw 8 of its levels.

You collected 365 gold pieces.
You spent 211 gold pieces at shops.

Inventory:

Hand Weapons
 a - the +0 short sword of Qiakh (weapon) {pierce, +Blink MR+}
   (You bought it in a shop on level 4 of the Dungeon)

   It inflicts extra damage upon your enemies.
   It affects your resistance to hostile enchantments.
   It lets you blink.
 b - the +7 blowgun of Ijienla {speed, Str+6 Int+3}
   (You found it on level 6 of the Dungeon)

   Attacks with this weapon are significantly faster.
   It affects your strength (+6).
   It affects your intelligence (+3).
 o - a +1 short sword of venom
   (You found it on level 8 of the Dungeon)
 D - a +1 dagger
Missiles
 d - a throwing net {=f, !d}
 p - 5 curare-tipped needles
 r - 45 poisoned needles
Armour
 F - a +2 robe (worn)
Jewellery
 q - an uncursed ring of positive energy {rN+}
   (You took it off an orc wizard on level 3 of the Dungeon)
 y - a ring of protection from fire (right hand) {rF+, !d}
   (You found it on level 4 of the Dungeon)
 z - a ring of poison resistance (left hand) {rPois, !d}
   (You found it on level 5 of the Dungeon)
Wands
 u - a wand of lightning (14/15)
   (You found it on level 4 of the Dungeon)
Scrolls
 e - 4 scrolls of noise {!r}
 g - a scroll of amnesia
 i - 2 scrolls of enchant armour
 m - 2 scrolls of remove curse
 v - 2 scrolls of recharging
 w - 2 scrolls of enchant weapon
 C - a scroll of fear
Potions
 h - a potion of agility
 j - a potion of curing
 k - a potion of lignification {!q}
 A - 3 potions of flight
 E - 2 potions of might
Books
 c - a book of Maledictions
 f - a book of Frost
   (You found it on level 7 of the Dungeon)
 n - a book of Ice
   (You found it on level 2 of the Dungeon)
 t - a Fen Folio
   (You found it on level 4 of the Dungeon)
Comestibles
 l - a slice of pizza
 x - a bread ration {@e1}


   Skills:
 + Level 1.6 Fighting
 * Level 6.5 Short Blades
 + Level 2.2 Throwing
 + Level 6.9 Dodging
 + Level 8.0 Stealth
 + Level 5.8 Spellcasting
 * Level 8.9 Hexes
 + Level 1.7 Charms
 + Level 3.0 Ice Magic


You had 8 spell levels left.
You knew the following spells:

 Your Spells              Type           Power        Failure   Level  Hunger
a - Ensorcelled Hibernat  Hex/Ice        ####..       1%          2    None
b - Dazzling Spray        Conj/Hex       ###...       8%          3    ##.....
c - Confuse               Hex            #####...     1%          3    ##.....
A - Ozocubu's Armour      Chrm/Ice       ##......     14%         3    ##.....


Dungeon Overview and Level Annotations

Branches:
Dungeon (8/15)             Temple (0/1) D:6
   Lair: D:8-11

Altars:
Fedhas
Hepliaklqana
Pakellas
Qazlal
Ru
Sif Muna
Xom
Yredelemnul
The Shining One

Shops:
D:4 !((

Annotations:
D:8 Joseph


Innate Abilities, Weirdness & Mutations

You are tiny and cannot use many weapons and most armour.
You have supernaturally acute eyesight. (SInv)
You are clumsy. (Dex -2)
You are a herbivore.
You cover ground extremely quickly.
You need consume almost no food.
You cannot drink potions while threatened.
You cannot train Armour skill.
You are resistant to hostile enchantments. (MR+)
Potions and wands are less effective at restoring your health.


Message History

The hippogriff claws you.
You take 9 damage, and have 24/41 hp.
MASSIVE DAMAGE!!
Aim: a hippogriff (almost dead, chance to defeat MR: 67%)
The hippogriff appears confused.
You can drink potions again.
You now have 11/18 mp.
You hit the hippogriff but do no damage.
The scorpion is stunned by your will and fails to attack.
You hit the hippogriff but do no damage.
You catch the helpless hippogriff completely off-guard!
You puncture the hippogriff!
You kill the hippogriff!
The scorpion completely misses you.
Aim: a scorpion (chance to defeat MR: 57%)
The scorpion looks drowsy...
You now have 10/18 mp.
The helpless scorpion fails to defend itself.
You impale the scorpion!!
You kill the scorpion!
Your Stealth skill increases to level 8!
You now have 154 gold pieces (gained 2).
l - a slice of pizza You see here a runed short sword.
o - a runed short sword Read which item? (? for menu, Esc to quit)
Okay, then.
Unknown command.
Wield which item (- for none, * to show all)? (? for menu, Esc to quit)
Your +1 short sword of venom begins to drip with poison!
o - a +1 short sword of venom (weapon)
Wield which item (- for none, * to show all)? (? for menu, Esc to quit)
Your +1 short sword of venom stops dripping with poison.
a - the +0 short sword of Qiakh (weapon)
{pierce, +Blink MR+} You start resting.
You hear the faint creaking of a distant portcullis.
You found a shaft!
There is a shaft here.
Joseph, a Mercenary comes into view.
He is wielding a quarterstaff of protection.
You regained 2 hp, and now have 29/42 hp.
You regained 2 mp, and now have 14/18 mp.
You hit Joseph but do no damage.
Joseph hits you with a quarterstaff of protection!
You feel threatened and lose the ability to drink potions!
You take 7 damage, and have 22/42 hp.
Unknown command.
Aim: Joseph, wielding a quarterstaff of protection and wearing a leather armour (chance to defeat MR: 50%) Joseph resists with some effort.
Joseph hits you with a quarterstaff of protection!
You focus your will and blind Joseph in retribution!
You take 9 damage, and have 13/42 hp.
MASSIVE DAMAGE!!
You now have 12/18 mp.
You strike the helpless Joseph from behind!
You puncture Joseph! You barely miss Joseph.
Joseph hits you with a quarterstaff of protection!
* * * LOW HITPOINT WARNING * * *
You take 7 damage, and have 7/42 hp.
You hit Joseph but do no damage. You hit Joseph but do no damage.
Joseph barely misses you.
You hit Joseph. You hit Joseph but do no damage. Joseph misses you.
You hit Joseph but do no damage. You hit Joseph but do no damage.
Joseph closely misses you.
You hit Joseph but do no damage. You hit Joseph but do no damage.
Joseph misses you.
You strike the helpless Joseph from behind!
You puncture Joseph! You hit Joseph but do no damage.
Joseph shouts!
You hit Joseph but do no damage. Joseph completely misses you.
You barely miss Joseph.
Joseph is no longer blind.
Aim: Joseph, wielding a quarterstaff of protection and wearing a leather armour (heavily wounded, chance to defeat MR: 50%) Joseph resists with some effort.
Joseph is stunned by your will and fails to attack.
You now have 11/18 mp.
Aim: Joseph, wielding a quarterstaff of protection and wearing a leather armour (heavily wounded, chance to defeat MR: 39%) Joseph easily resists.
You can drink potions again.
Joseph barely misses you.
You now have 9/18 mp.
Aim: Joseph, wielding a quarterstaff of protection and wearing a leather armour (heavily wounded, chance to defeat MR: 50%) Joseph appears confused.
You now have 6/18 mp.
You hit Joseph but do no damage. You hit Joseph but do no damage.
Joseph hits you with a quarterstaff of protection!
You feel threatened and lose the ability to drink potions!
* * * LOW HITPOINT WARNING * * *
You take 7 damage, and have 2/42 hp.
Unknown command.
You hit Joseph but do no damage. You hit Joseph.
Joseph drinks a potion.
Joseph is healed!
Joseph seems less confused.
You closely miss Joseph.
You can drink potions again.
Joseph hits you with a quarterstaff of protection.
You die...

#.........#
##########..####
#.........>.#
#.########.[#
#.####.######
#..#
#....?....^.#
#..#
######.####.#
#.##
#...###.###.#
#.....#.@.......#
#.###...#@#####.#
##.##.# #.#
#.##.# #.# #.# .#
#.# .). .. ..#
#.. .. ..# .# ##


You could see Joseph.

Vanquished Creatures
  The ghost of Indrix the Fighter, a novice OpFi (D:5)
  A hippogriff (D:8)
  A water moccasin (D:7)
  2 ice beasts
  An orc warrior (D:7)
  A wasp (D:7)
  A phantom (D:5)
  An ogre (D:7)
  2 centaurs
  2 giant frogs
  2 scorpions
  4 killer bees (D:7)
  2 jellies (D:7)
  2 crimson imps
  A centaur zombie (D:6)
  A giant frog zombie (D:5)
  A quasit (D:7)
  An orc priest (D:7)
  6 hounds
  2 centaur skeletons (D:6)
  Terence (D:2)
  4 orc wizards
  6 worker ants
  3 adders
  9 gnolls
  2 shadow imps
  2 oozes
  2 worms (D:2)
  5 dart slugs
  5 giant geckos
  17 orcs
  3 ball pythons
  6 bats
  3 giant cockroaches
  5 goblins
  8 hobgoblins
  6 jackals
  9 kobolds
  A quokka (D:5)
  A ball python skeleton (D:4)
  3 giant newts
  A quokka skeleton (D:7)
  5 rats
142 creatures vanquished.

Notes
Turn   | Place    | Note
--------------------------------------------------------------
     0 | D:1      | Chemotherapy the Spriggan Enchanter began the quest for the Orb.
     0 | D:1      | Reached XP level 1. HP: 9/9 MP: 5/5
   115 | D:1      | Reached XP level 2. HP: 13/13 MP: 6/6
   151 | D:1      | Learned a level 2 spell: Ensorcelled Hibernation
   336 | D:1      | Reached skill level 2 in Short Blades
   385 | D:1      | Reached skill level 3 in Spellcasting
   746 | D:1      | Reached XP level 3. HP: 16/16 MP: 5/8
   751 | D:1      | Learned a level 3 spell: Confuse
   798 | D:2      | Found a faded altar to an unknown god.
   830 | D:2      | Became a worshipper of Ru the Awakened
   854 | D:2      | Gained mutation: You cannot train Armour skill. [Ru sacrifice]
   854 | D:2      | Reached * piety under Ru
   884 | D:2      | Reached skill level 4 in Hexes
  1279 | D:2      | Found an oddly glowing altar of Pakellas.
  1284 | D:2      | Found a glowing golden altar of the Shining One.
  1313 | D:2      | Noticed Terence
  1447 | D:2      | Killed Terence
  1447 | D:2      | Reached XP level 4. HP: 21/21 MP: 10/10
  1640 | D:2      | Learned a level 3 spell: Dazzling Spray
  2247 | D:3      | Found a sacrificial altar of Ru.
  2297 | D:3      | Reached skill level 5 in Stealth
  2343 | D:3      | Reached skill level 5 in Hexes
  2594 | D:3      | Reached XP level 5. HP: 24/24 MP: 8/11
  2617 | D:3      | Upgraded the game from 0.19-a0-330-g034cfd4 to 0.19-a0-347-g6bb00b2
  2764 | D:3      | Reached skill level 3 in Short Blades
  2989 | D:3      | Noticed a centaur
  2995 | D:3      | Killed a centaur
  2995 | D:3      | Reached skill level 4 in Dodging
  2995 | D:3      | Reached XP level 6. HP: 28/28 MP: 9/12
  3197 | D:3      | Found a basalt altar of Yredelemnul.
  3197 | D:3      | Found a blossoming altar of Fedhas.
  3339 | D:4      | Found Akhlo's Weapon Shoppe.
  3388 | D:4      | Found Oruemmif's Distillery.
  3502 | D:4      | Found Yheryomm's Antique Weapon Shop.
  3696 | D:5      | Entered Level 5 of the Dungeon
  3795 | D:5      | Reached skill level 4 in Spellcasting
  3795 | D:5      | Reached skill level 6 in Hexes
  3795 | D:5      | Reached skill level 1 in Ice Magic
  3796 | D:5      | Gained mutation: You are clumsy. (Dex -2) [Ru sacrifice]
  3796 | D:5      | Reached ** piety under Ru
  3950 | D:5      | Noticed an ice beast
  3958 | D:5      | Killed an ice beast
  3958 | D:5      | Reached skill level 4 in Short Blades
  3958 | D:5      | Reached skill level 6 in Stealth
  3958 | D:5      | Reached XP level 7. HP: 32/32 MP: 14/14
  4204 | D:5      | Found a deep blue altar of Sif Muna.
  4323 | D:5      | Noticed Indrix's ghost (novice OpFi)
  4343 | D:5      | Killed Indrix's ghost
  4343 | D:5      | Reached skill level 5 in Short Blades
  4343 | D:5      | Reached skill level 5 in Dodging
  4343 | D:5      | Reached skill level 7 in Stealth
  4343 | D:5      | Reached skill level 7 in Hexes
  4343 | D:5      | Reached skill level 2 in Ice Magic
  4343 | D:5      | Reached XP level 8. HP: 36/36 MP: 12/16
  4913 | D:4      | Bought the cursed +0 short sword of Qiakh {pierce, +Blink MR+} for 211 gold pieces
  5010 | D:6      | Got an iridescent blowgun
  5012 | D:6      | Identified the +7 blowgun of Ijienla {speed, Str+6 Int+3} (You found it on level 6 of the Dungeon)
  5117 | D:6      | Found a stormy altar of Qazlal.
  5476 | D:6      | Found a staircase to the Ecumenical Temple.
  5496 | D:6      | Gained mutation: You are partially covered in rough black scales. (AC +4, Dex -1) [potion of mutation]
  5496 | D:6      | Gained mutation: Potions and wands are less effective at restoring your health. [potion of mutation]
  5496 | D:6      | Gained mutation: You are resistant to hostile enchantments. (MR+) [potion of mutation]
  5497 | D:6      | Gained mutation: Your spells are a little easier to cast, but a little less powerful. [potion of mutation]
  5497 | D:6      | Gained mutation: You tend to lose your temper in combat. [potion of mutation]
  5497 | D:6      | Gained mutation: You are weak. (Str -2) [potion of mutation]
  5559 | D:6      | Reached skill level 5 in Spellcasting
  5633 | D:6      | Lost mutation: You are weak. (Str -2) [potion of cure mutation]
  5633 | D:6      | Lost mutation: You tend to lose your temper in combat. [potion of cure mutation]
  5633 | D:6      | Lost mutation: Your spells are a little easier to cast, but a little less powerful. [potion of cure mutation]
  5633 | D:6      | Lost mutation: You are partially covered in rough black scales. (AC +4, Dex -1) [potion of cure mutation]
  5962 | D:6      | Found a hazy altar of Hepliaklqana.
  5963 | D:6      | Found a shimmering altar of Xom.
  5963 | D:6      | Noticed an unseen horror
  5964 | D:6      | Noticed a spectral ugly thing
  5964 | D:6      | Noticed an unseen horror
  6305 | D:7      | HP: 5/37 [wasp (11)]
  6307 | D:7      | Reached skill level 1 in Throwing
  6307 | D:7      | Reached skill level 8 in Hexes
  6619 | D:7      | Reached skill level 1 in Fighting
  6637 | D:7      | Gained mutation: You cannot drink potions while threatened. [Ru sacrifice]
  6637 | D:7      | Reached *** piety under Ru
  6655 | D:7      | Reached skill level 6 in Dodging
  6753 | D:7      | Reached XP level 9. HP: 15/41 MP: 6/18
  6792 | D:7      | Learned a level 3 spell: Ozocubu's Armour
  7110 | D:7      | Reached skill level 6 in Short Blades
  7275 | D:7      | Reached skill level 1 in Charms
  7298 | D:7      | Reached skill level 2 in Throwing
  7331 | D:7      | Reached skill level 3 in Ice Magic
  7592 | D:8      | Reached skill level 8 in Stealth
  7629 | D:8      | Noticed Joseph
  7636 | D:8      | HP: 7/42 [Joseph/quarterstaff of protection (7)]
  7656 | D:8      | HP: 2/42 [Joseph/quarterstaff of protection (7)]
  7659 | D:8      | Slain by Joseph

Vault maps used:
D:1:      dpeg_arrival_short_road
D:2:      amethyst_overflow_temple_binary, ecumenical_altar_1,
          due_unseen_surprise, uniq_terence
D:3:      gammafunk_temple_overflow_elements,
          nicolae_ru_great_annihilating_truth
D:4:      first_bread, serial_shops, nicolae_shop_crystal,
          nicolae_shop_behind_doors, shop
D:5:      serial_glass, glass_columns_c, glass_columns_a, glass_columns_a,
          glass_columns_c, glass_columns_c, glass_columns_a, glass_columns_a,
          glass_columns_b, tgw_sif
D:6:      regret_index_temple_of_mockery, nicolae_overflow_crystal_walls,
          minmay_temple_entry_butterflies, wad_rectangle_vault
D:8:      due_lair_maze_entry_diamond, enter_bailey_2, uniq_joseph

Skill      XL: |  1  2  3  4  5  6  7  8  9 |
---------------+----------------------------+-----
Short Blades   | 2 3 4 5 6 |  6.5
Spellcasting   | 3 4 5 |  5.8
Hexes          | 4 5 6 7 8 |  8.9
Stealth        | 5 6 7 8 |  8.0
Dodging        | 4 5 6 |  6.9
Ice Magic      | 1 2 3 |  3.0
Throwing       | 1 2 |  2.2
Fighting       | 1 |  1.6
Charms         | 1 |  1.7

Action                   |  1- 3 |  4- 6 |  7- 9 || total
-------------------------+-------+-------+-------++-------
Melee: Dagger            |    90 |    88 |    38 ||   216
       Short sword       |       |       |   137 ||   137
 Fire: Blowgun           |       |       |     4 ||     4
 Cast: Ensorcelled Hiber |    23 |    41 |    59 ||   123
       Confuse           |       |     6 |    15 ||    21
       Ozocubu's Armour  |       |       |     1 ||     1
Invok: Sacrifice Durabil |     1 |       |       ||     1
       Sacrifice Purity  |       |     1 |       ||     1
       Sacrifice Drink   |       |       |     1 ||     1
  Use: Scroll            |     1 |     2 |    11 ||    14
       Potion            |       |       |     9 ||     9
 Stab: Sleeping          |    26 |    37 |    47 ||   110
       Paralysed         |       |     1 |       ||     1
       Confused          |       |     3 |    12 ||    15
       Distracted        |       |       |     1 ||     1
       Invisible         |       |       |     3 ||     3
  Eat: Bread ration      |       |     1 |     1 ||     2
Armor: Robe              |    17 |     4 |     5 ||    26
Dodge: Dodged            |    87 |    75 |   100 ||   262

Vault maps used:
D:1:      dpeg_arrival_short_road
D:2:      amethyst_overflow_temple_binary, ecumenical_altar_1,
          due_unseen_surprise, uniq_terence
D:3:      gammafunk_temple_overflow_elements,
          nicolae_ru_great_annihilating_truth
D:4:      first_bread, serial_shops, nicolae_shop_crystal,
          nicolae_shop_behind_doors, shop
D:5:      serial_glass, glass_columns_c, glass_columns_a, glass_columns_a,
          glass_columns_c, glass_columns_c, glass_columns_a, glass_columns_a,
          glass_columns_b, tgw_sif
D:6:      regret_index_temple_of_mockery, nicolae_overflow_crystal_walls,
          minmay_temple_entry_butterflies, wad_rectangle_vault
D:8:      due_lair_maze_entry_diamond, enter_bailey_2, uniq_joseph

Table legend:
 A = Turns spent in this place as a percentage of turns spent in the entire game.
 B = Non-inter-level travel turns spent in this place as a percentage of non-inter-level travel turns spent in the entire game.
 C = Inter-level travel turns spent in this place as a percentage of turns spent in this place.
 D = Turns resting spent in this place as a percentage of non-inter-level travel turns spent in this place.
 E = Turns spent auto-exploring this place as a percentage of non-inter-level travel turns spent in this place.
 F = Non-inter-level travel turns spent in this place divided by the number of levels of this place that you've seen.
                   A       B       C       D       E      F
               +-------+-------+-------+-------+-------+----------------------
         Total | 100.0 | 100.0 |   0.6 |   4.5 |   9.6 | 225.5
       Dungeon | 100.0 | 100.0 |   0.6 |   4.5 |   9.6 | 225.5
               +-------+-------+-------+-------+-------+----------------------

Table legend:
 A = Kills in this place as a percentage of kills in entire the game.
 B = Kills by you in this place as a percentage of kills by you in the entire game.
 C = Kills by friends in this place as a percentage of kills by friends in the entire game.
 D = Other kills in this place as a percentage of other kills in the entire game.
 E = Experience gained in this place as a percentage of experience gained in the entire game.
 F = Experience gained in this place divided by the number of levels of this place that you have seen.
                   A       B       C       D       E      F
               +-------+-------+-------+-------+-------+----------------------
         Total | 100.0 | 100.0 |  -nan | 100.0 | 100.0 | 493.6
       Dungeon | 100.0 | 100.0 |  -nan | 100.0 | 100.0 | 493.6
               +-------+-------+-------+-------+-------+----------------------
